 Dungeon Crawl Stone Soup version 0.30-a0-242-g7bf8e6d787 (webtiles) character file.

Game seed: 14599277210644160241

93313 greasedhog the Devastator (level 16, 0/96 HPs)
             Began as a Gargoyle Conjurer on Oct 11, 2022.
             Was a High Priest of Vehumet.
             Slain by a wolf spider (16 damage)
             ... on level 2 of the Spider Nest on Oct 12, 2022.
             The game lasted 00:59:24 (23330 turns).

greasedhog the Devastator (Gargoyle Conjurer)      Turns: 23330, Time: 00:59:26

Health: 0/96       AC:  9    Str: 12    XL:     16   Next: 8%
Magic:  33/41      EV: 12    Int: 29    God:    Vehumet [*****.]
Gold:   1638       SH:  4    Dex:  8    Spells: 2/39 levels left

rFire   + + +      SeeInvis +    O - staff of earth
rCold   . . .      Faith    .    u - +0 buckler
rNeg    + + +      Spirit   .    E - +2 robe {rF+}
rPois   ∞          Reflect  .    C - +0 helmet of Ossoesuh {rN+ Regen+ Int+3 Stlth+}
rElec   +          Harm     .    D - scarf {rC+ rF+}
rCorr   +          Rampage  .    G - +0 pair of gloves
Will    +....                    B - +1 pair of boots
Stlth   +++.......               n - amulet of magic regeneration
HPRegen 1.16/turn                k - ring of see invisible
MPRegen 0.67/turn                T - ring "Jubek" {Fire *Slow rN++ rCorr MP+9}

@: corroded, flying, slowed, very slow
A: sickness immunity, AC +12, big wings, negative energy resistance 1,
electricity resistance, torment resistance 1, petrification resistance
a: Renounce Religion


You were on level 2 of the Spider Nest.
You worshipped Vehumet.
Vehumet was extremely pleased with you.
You visited 4 branches of the dungeon, and saw 23 of its levels.
You also visited: Ice Cave and Volcano.

You collected 1985 gold pieces.
You spent 347 gold pieces at shops.

Inventory:

Missiles
 w - 2 throwing nets
Armour
 u - a +0 buckler (worn)
 B - a +1 pair of boots (worn)
 C - the +0 helmet of Ossoesuh (worn) {rN+ Regen+ Int+3 Stlth+}
   (You bought it in a shop on level 3 of the Dungeon)

   Int:       It affects your intelligence (+3).
   rN:        It protects you from negative energy.
   Regen:     It increases your rate of health regeneration.
   Stlth:     It makes you more stealthy.
 D - a scarf of resistance (worn)
 E - a +2 robe of fire resistance (worn)
 G - a +0 pair of gloves (worn)
Magical Staves
 O - a staff of earth (weapon)
Jewellery
 g - a +4 ring of protection
 k - a ring of see invisible (left hand)
 n - an amulet of magic regeneration (around neck)
 L - a ring of protection from fire
 Q - a ring of ice
 T - the ring "Jubek" (right hand) {Fire *Slow rN++ rCorr MP+9}
   (You acquired it on level 13 of the Dungeon)

   [ring of fire]

   It enhances your fire magic.
   rF:        It protects you from fire.
   rC:        It makes you vulnerable to cold.
   rN:        It greatly protects you from negative energy.
   MP:        It affects your magic capacity (+9).
   rCorr:     It protects you from acid and corrosion.
   *Slow:     It may slow you when you take damage.
Wands
 a - a wand of polymorph (11)
 v - a wand of mindburst (19)
 z - a wand of paralysis (9)
 F - a wand of quicksilver (4)
 I - a wand of flame (7)
 S - a wand of roots (10)
Scrolls
 e - 11 scrolls of teleportation
 h - 2 scrolls of amnesia
 m - 5 scrolls of blinking
 o - 2 scrolls of enchant armour
 p - 4 scrolls of identify
 q - a scroll of magic mapping
 r - 6 scrolls of immolation
 s - 2 scrolls of fear
 y - 3 scrolls of fog
 A - 3 scrolls of vulnerability
 N - 2 scrolls of poison
 P - a scroll of enchant weapon
Potions
 b - 5 potions of magic
 c - 5 potions of resistance
 d - 7 potions of haste
 f - 3 potions of flight
 i - 14 potions of curing
 j - a potion of ambrosia
 l - 5 potions of mutation
 t - 3 potions of berserk rage
 x - 3 potions of brilliance
 J - 3 potions of attraction
 K - 4 potions of heal wounds
 M - 3 potions of might
 U - a potion of invisibility
 V - a potion of lignification
Miscellaneous
 H - a condenser vane
 R - a lightning rod (4/4)


   Skills:
 + Level 9.6 Fighting
 - Level 5.0 Staves
 - Level 5.2 Armour
 - Level 5.4 Dodging
 - Level 2.1 Stealth
 + Level 3.8 Shields
 * Level 12.4 Spellcasting
 * Level 17.4 Conjurations
 - Level 5.4 Translocations
 * Level 16.0 Earth Magic


You had 2 spell levels left.
You knew the following spells:

 Your Spells              Type           Power      Damage    Failure   Level
a - Passwall              Tmut/Erth      64%        N/A       1%          2
b - Leda's Liquefaction   Hex/Erth       38%        N/A       1%          4
c - Iskenderun's Mystic   Conj/Tloc      71%        2d14      1%          4
d - Shatter               Erth           52%        3d40*     75%         9
e - Iron Shot             Conj/Erth      53%        9d10      1%          6
g - Orb of Destruction    Conj           43%        9d12      1%          7
h - Lee's Rapid Deconstr  Erth           52%        3d26*     1%          5

Your spell library contained the following spells:

 Spells                   Type           Power      Damage    Failure   Level
 Magic Dart               Conj           100%       1d8       0%          1
 Sandblast                Erth           100%       2d20      0%          1
 Searing Ray              Conj           100%       2d8       0%          2
 Freeze                   Ice            72%        1d8       1%          1
 Beastly Appendage        Tmut           36%        N/A       3%          1
 Summon Small Mammal      Summ           72%        N/A       3%          1
 Wereblood                Tmut           18%        N/A       5%          2
 Stone Arrow              Conj/Erth      100%       3d13      0%          3
 Dazzling Flash           Conj/Hex       100%       N/A       1%          3
 Gell's Gravitas          Tloc           49%        N/A       1%          3
 Hailstorm                Conj/Ice       62%        3d13      1%          3
 Kindle Blastsparks       Fire/Tloc/Air  84%        2d17      1%          3
 Lesser Beckoning         Tloc           98%        N/A       1%          3
 Teleport Other           Tloc           49%        N/A       1%          3
 Fulminant Prism          Conj/Hex       31%        3d16      1%          4
 Fireball                 Conj/Fire      40%        3d16      1%          5
 Iskenderun's Battlesphe  Conj           87%        2d13      1%          5
 Freezing Cloud           Conj/Ice/Air   25%        6-21      2%          5
 Frozen Ramparts          Ice            36%        1d6       3%          3
 Ignite Poison            Fire/Tmut/Pois 27%        N/A       3%          3
 Borgnjor's Vile Clutch   Necr/Erth      38%        N/A       3%          5
 Conjure Ball Lightning   Conj/Air       31%        3x3d10    4%          6
 Call Canine Familiar     Summ           18%        N/A       11%         3
 Spider Form              Tmut/Pois      18%        N/A       11%         3
 Summon Guardian Golem    Hex/Summ       18%        N/A       11%         3
 Summon Forest            Summ/Tloc      16%        N/A       32%         5
 Ice Form                 Ice/Tmut       18%        N/A       36%         4
 Summon Mana Viper        Hex/Summ       18%        N/A       71%         5
 Simulacrum               Ice/Necr       9%         N/A       99%         6
 Summon Cactus Giant      Summ           9%         N/A       99%         6
 Chain Lightning          Conj/Air       31%        3d41      100%        9
 Fire Storm               Conj/Fire      40%        8d10      100%        9
 Statue Form              Tmut/Erth      Unusable   N/A       N/A         6

Dungeon Overview and Level Annotations

Branches:
Dungeon (15/15)            Temple (1/1) D:7            Lair (5/5) D:11
 Shoals (0/4) Lair:2       Spider (2/4) Lair:3        Slime (0/5) Lair:4
    Orc (0/2) D:12         Vaults (0/5) D:14         Depths (0/4) D:15
  IceCv (visited)         Volcano (visited)

Altars:
Ashenzari
Cheibriados
Dithmenos
Elyvilon
Fedhas
Gozag
Hepliaklqana
Kikubaaqudgha
Makhleb
Nemelex Xobeh
Okawaru
Qazlal
Ru
Sif Muna
Trog
Uskayaw
Vehumet
Wu Jian
Xom
Yredelemnul
Zin
The Shining One
Jiyva

Shops:
D:3 [


Innate Abilities, Weirdness & Mutations

You are immune to sickness and miasma.
Your stone body is resilient. (AC +12)
You are immune to poison.
Your large and strong wings let you fly.
You resist negative energy. (rN+)
You are resistant to electric shocks. (rElec)
You are resistant to unholy torment.
You are immune to petrification.


Message History

The entropic weave corrodes you!
The entropy weaver gestures at you while chanting.
The entropic weave corrodes you!
The entropy weaver points at you and mumbles some strange words.
The jumping spider pounces on you! The jumping spider bites you.
The wolf spider hits you! The wolf spider closely misses you.
You block the redback's attack. The jumping spider pounces on you.
You feel yourself slow down. The jumping spider misses you.
The entropy weaver gestures at you while chanting.
You block the redback's attack.
The jumping spider leaps!
The redback bites you! The wolf spider misses you. The wolf spider bites you.
Casting: Iron Shot (mildly dangerous; 1% risk of failure)
Confirm with . or Enter, or press ? or * to list all spells.
You erupt in a blast of force!
The mystic blast hits the jumping spider!
The jumping spider is heavily wounded.
The jumping spider is knocked back by the mystic blast.
The mystic blast hits the wolf spider.
The wolf spider is lightly wounded.
The wolf spider is knocked back by the mystic blast.
The wolf spider slams into the rock wall!
The wolf spider is lightly wounded.
The mystic blast hits the redback!
The redback is moderately wounded.
The redback is knocked back by the mystic blast.
The redback collides with the jumping spider!
The jumping spider is severely wounded.
The redback is severely wounded.
The mystic blast hits the jumping spider!
The jumping spider is moderately wounded.
The jumping spider is knocked back by the mystic blast.
You hear a faint skittering sound.
Unknown command.
The redback bites you! The jumping spider pounces on you!
The jumping spider closely misses you. The redback closely misses you.
The jumping spider pounces on you!
* * * LOW HITPOINT WARNING * * *
The jumping spider bites you.
* * * LOW HITPOINT WARNING * * *
The jumping spider leaps!
The wolf spider hits you!
You die...

.......#.....^.
.....#...........
................# .
...........s.... .s
^.............. ...
##..†..........
.#..##.†.#>ss○......
........s.ss@.......
........#B..........
#.................
....................
........)...#)......
....................
......#.........#...
........./........##
#/......^..###.#..


You could see an entropy weaver, a wolf spider, 2 jumping spiders and 3
redbacks.

Vanquished Creatures
  Jorgrun (D:12)
  Kirke (Lair:2)
  Roxanne (Spider:1)
  A ghost moth (Spider:1)
  A juggernaut zombie (D:15)
  The ghost of osoart the Cleaver, a journeyman DsHu of Fedhas (D:13)
  A fire dragon (Lair:5)
  An entropy weaver (Spider:1)
  Fannar (D:12)
  A vault guard (D:14)
  The ghost of Netz the Cleaver, a journeyman DsFi of Okawaru (D:11)
  A catoblepas (Lair:5)
  5 hydras
  Erica (D:10)
  2 ogre magi
  4 centaur warriors
  2 boulder beetles (D:14)
  3 tengu warriors
  9 two-headed ogres
  A sun moth (Spider:1)
  2 skeletal warriors (D:15)
  A steelbarb worm (Spider:1)
  A flayed ghost (D:15)
  5 large abominations (D:11)
  A swamp dragon (Lair:5)
  2 wizards
  7 deep elf pyromancers
  12 ugly things
  5 wolf spiders (Spider:1)
  A necromancer (D:15)
  4 cyclopes
  A stone giant zombie (D:15)
  4 manticores
  2 salamanders (Volcano)
  11 elephants
  An oklob plant (Lair:5)
  4 black mambas
  11 cane toads
  A gargoyle (D:12)
  11 rime drakes
  Maggie (Lair:1)
  3 kobold demonologists (D:12)
  2 unseen horrors
  14 komodo dragons
  2 spriggan zombies (D:15)
  2 tengu conjurers
  3 efreet
  A demonic crawler (Spider:1)
  A yaktaur (shapeshifter) (D:14)
  3 trolls
  A troll (shapeshifter) (D:13)
  2 hornets
  3 meliai (D:13)
  2 polar bears
  5 tarantellas (Spider:1)
  10 slime creatures
  8 jumping spiders (Spider:1)
  A shadow (D:10)
  5 culicivoras (Spider:1)
  A centaur simulacrum (D:14)
  A wraith (D:11)
  A wyvern (Lair:2)
  35 yaks
  7 basilisks
  2 fire bats (Volcano)
  7 hogs (Lair:3)
  18 redbacks
  3 steam dragons
  5 neqoxecs (D:13)
  12 vampire mosquitoes
  3 wargs (D:11)
  A hell hound (Volcano)
  7 water moccasins
  Duvessa (D:6)
  An ice beast (D:7)
  A swamp drake (Lair:5)
  6 orc warriors
  5 boggarts (D:15)
  6 ogres
  7 small abominations (D:11)
  11 wolves
  17 centaurs
  3 kobold brigands
  4 bullfrogs
  4 scorpions
  A two-headed ogre simulacrum (D:11)
  A cane toad simulacrum (IceCv)
  16 wights
  Dowan (D:6)
  3 killer bees (D:11)
  2 electric eels
  2 howler monkeys
  2 lava snakes (D:14)
  2 quasits (D:13)
  10 orc priests
  3 hounds
  3 jellies
  2 gnoll boudas
  11 orc wizards
  3 iguanas (Lair:5)
  A spriggan simulacrum (D:11)
  11 hell rats (Lair:1)
  A polar bear simulacrum (IceCv)
  A troll simulacrum (D:11)
  38 gnolls
  5 adders
  A naga simulacrum (D:11)
  11 river rats (Lair:1)
  A white imp (D:6)
  An ufetubus (D:6)
  3 worms
  3 dart slugs
  29 orcs
  8 ball pythons
  12 endoplasms
  2 giant cockroaches
  5 goblins
  11 hobgoblins
  2 jackals (D:4)
  11 quokkas
  3 bats
  3 frilled lizards
  38 kobolds
  19 rats
646 creatures vanquished.

Vanquished Creatures (others)
  A black mamba (Lair:2)
  13 fungi
  26 plants
  8 withered plants (D:15)
48 creatures vanquished.

Grand Total: 694 creatures vanquished

Notes
Turn   | Place    | Note
-------+----------+-------------------------------------------
     0 | D:1      | greasedhog the Gargoyle Conjurer began the quest for the
                  | Orb.
     0 | D:1      | Reached XP level 1. HP: 10/10 MP: 3/3
   214 | D:1      | Reached XP level 2. HP: 16/16 MP: 0/5
   270 | D:1      | Learned a level 2 spell: Searing Ray
   504 | D:1      | Found a faded altar of an unknown god.
   782 | D:1      | Reached skill level 1 in Fighting
   836 | D:1      | Reached XP level 3. HP: 20/20 MP: 4/6
  1493 | D:2      | Reached skill level 5 in Conjurations
  1783 | D:2      | Reached XP level 4. HP: 25/25 MP: 4/8
  2827 | D:3      | Identified the +0 ring mail of Heirosabb {rF+ rCorr Str+3}
  3189 | D:3      | Found Noan's Armour Shop.
  3315 | D:4      | Reached XP level 5. HP: 30/30 MP: 4/10
  3449 | D:4      | Learned a level 4 spell: Iskenderun's Mystic Blast
  3454 | D:4      | Found an iron altar of Okawaru.
  3651 | D:4      | Identified the amulet of Hedonism {RegenMP rElec rF- Int+4}
  3976 | D:4      | Reached skill level 1 in Staves
  4417 | D:5      | Entered Level 5 of the Dungeon
  4461 | D:5      | Reached XP level 6. HP: 35/36 MP: 3/11
  4603 | D:5      | Reached skill level 6 in Conjurations
  5142 | D:5      | Reached XP level 7. HP: 41/41 MP: 5/13
  5903 | D:6      | Reached skill level 7 in Conjurations
  5922 | D:6      | Reached skill level 5 in Spellcasting
  5931 | D:6      | Noticed Duvessa
  5945 | D:6      | Killed Duvessa
  5946 | D:6      | Reached skill level 1 in Translocations
  5946 | D:6      | Reached XP level 8. HP: 36/48 MP: 11/15
  5962 | D:6      | Noticed Dowan
  5980 | D:6      | Killed Dowan
  6978 | D:6      | Reached skill level 8 in Conjurations
  7016 | D:7      | Found a staircase to the Ecumenical Temple.
  7032 | Temple   | Entered the Ecumenical Temple
  7049 | Temple   | Became a worshipper of Vehumet
  7303 | D:7      | Reached XP level 9. HP: 52/52 MP: 12/16
  7357 | D:7      | Found an ancient bone altar of Kikubaaqudgha.
  7803 | D:8      | Reached skill level 5 in Fighting
  7885 | D:8      | Reached skill level 1 in Armour
  7885 | D:8      | Reached skill level 9 in Conjurations
  8201 | D:8      | Found a white marble altar of Elyvilon.
  8215 | D:8      | Found a sparkling altar of Nemelex Xobeh.
  8218 | D:8      | Found a burning altar of Makhleb.
  8221 | D:8      | Found an opulent altar of Gozag.
  8225 | D:8      | Reached * piety under Vehumet
  8225 | D:8      | Offered knowledge of Kiss of Death by Vehumet.
  8727 | D:8      | Found a shimmering blue altar of Sif Muna.
  8729 | D:8      | Reached skill level 5 in Translocations
  9543 | D:9      | Reached skill level 5 in Staves
  9602 | D:9      | Reached skill level 1 in Earth Magic
  9630 | D:9      | Reached XP level 10. HP: 56/59 MP: 12/17
  9847 | D:3      | Bought the +0 helmet of Ossoesuh {rN+ Regen+ Int+3 Stlth+}
                  | for 347 gold pieces
 10062 | D:9      | Reached skill level 10 in Conjurations
 10314 | D:10     | Entered Level 10 of the Dungeon
 10355 | D:10     | Noticed Erica
 10370 | D:10     | Killed Erica
 10898 | D:10     | Noticed a centaur warrior
 10911 | D:10     | Killed a centaur warrior
 10912 | D:10     | Reached skill level 5 in Earth Magic
 11028 | D:11     | Found a frozen archway.
 11045 | D:11     | Reached ** piety under Vehumet
 11045 | D:11     | Offered knowledge of Static Discharge by Vehumet.
 11066 | IceCv    | Entered an ice cave
 11066 | IceCv    | Noticed a white ugly thing
 11082 | IceCv    | Killed a white ugly thing
 11083 | IceCv    | Reached skill level 11 in Conjurations
 11109 | IceCv    | Found a transporter.
 11113 | IceCv    | Noticed a white ugly thing
 11117 | IceCv    | Noticed an ice statue
 11117 | IceCv    | Noticed an ice statue
 11119 | IceCv    | Found a transporter.
 11283 | D:11     | Found a runed translucent gate.
 11284 | D:11     | Found a runed translucent gate.
 11285 | D:11     | Found a runed translucent gate.
 11294 | D:11     | Noticed Netz's ghost (journeyman DsFi)
 11377 | D:11     | Reached XP level 11. HP: 63/63 MP: 18/18
 11392 | D:11     | Reached skill level 5 in Armour
 11454 | D:11     | Found a staircase to the Lair.
 11459 | D:11     | Noticed a two-headed ogre
 11470 | D:11     | Killed a two-headed ogre
 11843 | D:11     | Noticed a wizard
 11851 | D:11     | Killed a wizard
 11976 | D:11     | Noticed a large abomination
 11976 | D:11     | Noticed a large abomination
 11979 | D:11     | Killed a large abomination
 11979 | D:11     | Offered knowledge of Inner Flame by Vehumet.
 11980 | D:11     | Reached skill level 12 in Conjurations
 11980 | D:11     | Noticed a large abomination
 12000 | D:11     | Killed a large abomination
 12011 | D:11     | Killed a large abomination
 12096 | D:11     | Identified the +12 rapier "Apoorof" {vamp, rElec rF+ rC-
                  | rCorr}
 12235 | Lair:1   | Entered Level 1 of the Lair of Beasts
 12244 | Lair:1   | Reached *** piety under Vehumet
 12244 | Lair:1   | Noticed Maggie
 12264 | Lair:1   | Killed Maggie
 12641 | Lair:1   | Reached XP level 12. HP: 68/68 MP: 21/21
 12751 | Lair:1   | Offered knowledge of Flame Wave by Vehumet.
 12786 | Lair:1   | Reached **** piety under Vehumet
 12855 | Lair:1   | Learned a level 5 spell: Iskenderun's Battlesphere
 12863 | Lair:1   | Learned a level 7 spell: Orb of Destruction
 13164 | Lair:1   | Offered knowledge of Stone Arrow by Vehumet.
 13172 | Lair:1   | Learned a level 3 spell: Stone Arrow
 13413 | Lair:2   | Found a staircase to the Shoals.
 13413 | Lair:2   | You fall into a shaft and drop 2 floors!
 13494 | Lair:4   | Found a dark tunnel.
 13513 | Volcano  | Entered a volcano
 13580 | Volcano  | Noticed a two-headed ogre
 13581 | Volcano  | Noticed a two-headed ogre
 13582 | Volcano  | Reached skill level 13 in Conjurations
 13585 | Volcano  | Killed a two-headed ogre
 13587 | Volcano  | Killed a two-headed ogre
 13588 | Volcano  | Reached skill level 5 in Dodging
 13681 | Volcano  | Noticed a two-headed ogre
 13687 | Volcano  | Reached skill level 10 in Earth Magic
 13688 | Volcano  | Killed a two-headed ogre
 13963 | Lair:2   | Learned a level 2 spell: Passwall
 13988 | Lair:2   | Noticed a six-headed hydra
 14179 | Lair:2   | Reached ***** piety under Vehumet
 14187 | Lair:2   | Killed a six-headed hydra
 14187 | Lair:2   | Offered knowledge of Iron Shot by Vehumet.
 14196 | Lair:2   | Learned a level 6 spell: Iron Shot
 14624 | Lair:3   | Reached XP level 13. HP: 72/72 MP: 25/25
 14723 | Lair:3   | Reached skill level 14 in Conjurations
 14994 | Lair:3   | Noticed Kirke
 15088 | Lair:2   | Killed Kirke
 15409 | Lair:3   | Found a hole to the Spider Nest.
 16159 | Lair:4   | Found a viscous altar of Jiyva.
 16166 | Lair:4   | Found a staircase to the Slime Pits.
 16293 | Lair:5   | Entered Level 5 of the Lair of Beasts
 16496 | Lair:5   | Reached skill level 15 in Conjurations
 16531 | Lair:5   | Noticed a fire dragon
 16538 | Lair:5   | Killed a fire dragon
 16717 | Lair:5   | Gained mutation: Your large and strong wings let you fly.
                  | [Gargoyle growth]
 16717 | Lair:5   | Reached XP level 14. HP: 82/82 MP: 27/27
 16904 | Lair:5   | Reached skill level 10 in Spellcasting
 16905 | Lair:5   | Offered knowledge of Airstrike by Vehumet.
 17447 | D:11     | Killed Netz's ghost
 17543 | D:12     | Noticed Jorgrun
 17550 | D:12     | Killed Jorgrun
 18056 | D:12     | Found a staircase to the Orcish Mines.
 18059 | D:12     | Noticed Fannar
 18064 | D:12     | Killed Fannar
 18966 | D:13     | Found a transporter.
 18982 | D:13     | Noticed osoart's ghost (journeyman DsHu)
 18996 | D:13     | Reached skill level 16 in Conjurations
 19029 | D:13     | Found a transporter.
 19419 | D:13     | Learned a level 9 spell: Shatter
 19427 | D:13     | Learned a level 7 spell: Orb of Destruction
 19466 | D:13     | Killed osoart's ghost
 19523 | D:13     | Got the ring of Understanding {rElec Int+6}
 19532 | D:13     | Identified a scroll of acquirement
 19534 | D:13     | Acquired the ring "Jubek" {Fire *Slow rN++ rCorr MP+9}
 19607 | D:14     | Offered knowledge of Lightning Bolt by Vehumet.
 19949 | D:14     | Found a shadowy altar of Dithmenos.
 19992 | D:14     | Reached XP level 15. HP: 87/89 MP: 12/30
 20254 | D:14     | Found a gate to the Vaults.
 20797 | D:15     | Entered Level 15 of the Dungeon
 20805 | D:15     | Reached skill level 15 in Earth Magic
 21001 | D:15     | Reached skill level 1 in Shields
 21293 | D:15     | Identified the +5 dagger "Zaomes" {chaos, rPois Will+}
 21336 | D:15     | HP: 2/90 [seven-headed hydra (8)]
 21783 | D:15     | Found a staircase to the Depths.
 21796 | D:15     | Reached skill level 17 in Conjurations
 22347 | Spider:1 | Entered Level 1 of the Spider Nest
 22469 | Spider:1 | Offered knowledge of Lee's Rapid Deconstruction by Vehumet.
 22477 | Spider:1 | Learned a level 5 spell: Lee's Rapid Deconstruction
 22505 | Spider:1 | Noticed a ghost moth
 22507 | Spider:1 | Killed a ghost moth
 22857 | Spider:1 | Reached XP level 16. HP: 96/96 MP: 19/32
 23169 | Spider:1 | Identified Roxanne's Codex of the Quarry
 23169 | Spider:1 | Noticed Roxanne
 23225 | Spider:1 | Killed Roxanne
 23260 | Spider:1 | Learned a level 4 spell: Leda's Liquefaction
 23330 | Spider:2 | Slain by a wolf spider

Illustrated notes

Levels and vault maps discovered:
D:1:      giann_horns, layout_basic, hellmonk_ecumenical_altar_heavens_door
D:2:      layout_basic, corner_web_ring, minmay_joined_circles
D:3:      layout_loops_ring, serial_shops, nicolae_shop_behind_doors,
          minmay_misc_feat_cross
D:4:      layout_basic, okawaru_trees_2
D:5:      layout_cave_pods
D:6:      minmay_goblin_kobold_castle, layout_rooms, uniq_duvessa
D:7:      layout_rooms, general_overflow_altar, minmay_temple_entry_mist
D:8:      layout_gridville, kennysheep_orc_sif_temple,
          grunt_temple_overflow_cloverleaf
D:9:      layout_grid_maze, feat_on_display
D:10:     wad_pebble_path, layout_basic, uniq_erica
D:11:     layout_basic, erik_lair_orcish_takeover, ebering_ghost_rock_garden,
          portal_ice_cave_entry_ice_simulacra, laboratory
D:12:     layout_gridville, orc_0_dummy, uniq_jorgrun, uniq_fannar
D:13:     layout_irregular_city, gammafunk_ghost_stat_death,
          hangedman_decor_peaks_small
D:14:     layout_basic, david_vaults_5, nicolae_dithmenos_shadow_blocks
D:15:     gammafunk_depths_entry_grave, layout_loops_cross, nicolae_titane,
          billiards_dpeg
Temple:   hellmonk_temple_two_chambers
Lair:1:   lemuel_ratsnest, layout_gridlike, uniq_maggie
Lair:2:   layout_hall_layers, minmay_shoals_entry_centaurs,
          serial_bayou_shore_b, infiniplex_staircase_pool
Lair:3:   layout_layer_cave, spider_nest_entry_web_field, st_stairs_7,
          beast_lair_carwin_9, lemuel_fruit_fields, grunt_megastairs_5,
          uniq_kirke
Lair:4:   layout_long_grid, dpeg_slime_entry_corner,
          lightli_volcano_entry_magma_tube
Lair:5:   guppyfry_lair_end_dragon, layout_cave_shapes
Spider:1: layout_spider_delve, uniq_roxanne
Spider:2: nicolae_spider_mines_2

Skill      XL: |  1  2  3  4  5  6  7  8  9 10 11 12 13 14 15 16 |
---------------+-------------------------------------------------+-----
Fighting       | 1 2 3 4 5 7 8 9 |  9.6
Conjurations   | 5 6 7 8 9 11 12 13 15 16 17 | 17.4
Spellcasting   | 3 4 5 6 8 9 11 12 | 12.4
Staves         | 1 2 3 5 |  5.0
Translocations | 1 3 5 |  5.4
Armour         | 2 4 5 |  5.2
Earth Magic    | 1 6 8 11 12 14 15 16 | 16.0
Dodging        | 3 4 5 |  5.4
Shields        | 3 |  3.8
Stealth        | |  2.1

Action                   |  1- 3 |  4- 6 |  7- 9 | 10-12 | 13-15 | 16-18 || total
-------------------------+-------+-------+-------+-------+-------+-------++-------
Melee: Unarmed           |    12 |       |       |       |     2 |       ||    14
       Club              |     1 |       |       |       |       |       ||     1
       Quarterstaff      |       |    15 |    48 |     1 |       |       ||    64
       Staff             |       |       |       |    45 |    59 |       ||   104
       Punch             |       |       |       |     2 |       |       ||     2
 Cast: Magic Dart        |    65 |    86 |   150 |   100 |       |       ||   401
       Searing Ray       |       |    11 |    49 |    53 |     5 |       ||   118
       Iskenderun's Myst |       |       |    13 |    75 |   107 |     2 ||   197
       Stone Arrow       |       |       |       |    47 |   385 |       ||   432
       Iskenderun's Batt |       |       |       |    17 |    24 |       ||    41
       Orb of Destructio |       |       |       |     1 |    10 |       ||    11
       Iron Shot         |       |       |       |       |    37 |    12 ||    49
       Lee's Rapid Decon |       |       |       |       |    14 |     4 ||    18
Evoke: Wand              |       |       |       |       |     1 |       ||     1
       Condenser vane    |       |       |       |       |     1 |       ||     1
  Use: Scroll            |     1 |     5 |    14 |     8 |     9 |     2 ||    39
       Potion            |       |       |       |     2 |     1 |       ||     3
Armor: Robe              |     5 |     7 |    50 |   114 |   138 |     1 ||   315
Dodge: Dodged            |     7 |    11 |    88 |   139 |   134 |     6 ||   385
Block: Buckler           |       |       |       |       |    19 |     2 ||    21

Table legend: (Time is in decaauts)
 A = Elapsed time spent in this place.
 B = Non-inter-level travel time spent in this place.
 C = Inter-level travel time spent in this place.
 D = Time resting spent in this place.
 E = Time spent auto-exploring this place.
 F = Levels seen in this place.
 G = Mean time per level.
                   A        B        C        D        E       F      G
               +--------+--------+--------+--------+--------+-----+--------+
         Total |  23400 |  22182 |   1218 |   2471 |  16124 |  25 |  936.0 |
       Dungeon |  17082 |  16193 |    889 |   1813 |  12002 |  15 | 1138.8 |
        Temple |     26 |     26 |      0 |      0 |     10 |   1 |   26.0 |
          Lair |   4893 |   4584 |    309 |    424 |   3368 |   5 |  978.6 |
   Spider Nest |    966 |    946 |     20 |    185 |    586 |   2 |  483.0 |
      Ice Cave |     73 |     73 |      0 |     24 |      0 |   1 |   73.0 |
       Volcano |    357 |    357 |      0 |     24 |    157 |   1 |  357.0 |
               +--------+--------+--------+--------+--------+-----+--------+

Top non-repeatable levels by time:
    D:15: 1405 daAuts
     D:5: 1393 daAuts
     D:1: 1384 daAuts
     D:8: 1377 daAuts
    D:11: 1265 daAuts
  Lair:1: 1249 daAuts
     D:6: 1244 daAuts
  Lair:3: 1216 daAuts
    D:13: 1184 daAuts
     D:2: 1168 daAuts
     D:4: 1151 daAuts
    D:12: 1110 daAuts
  Lair:5: 1076 daAuts
    D:14: 1070 daAuts
     D:9: 1046 daAuts
